 Dungeon Crawl Stone Soup version 0.30.1-3-gfc49f6343a (webtiles) character file.

Game seed: 933859371204811146

26 Fodor the Covered (level 2, -4/27 HPs)
             Began as a Minotaur Fighter on Aug 2, 2023.
             Slain by Crazy Yiuf
             ... wielding a +4 quarterstaff of chaos
              (14 damage)
             ... on level 2 of the Dungeon.
             The game lasted 00:05:52 (1545 turns).

Fodor the Covered (Minotaur Fighter)                Turns: 1545, Time: 00:05:53

Health: -4/27      AC:  9    Str: 20    XL:     2   Next: 89%
Magic:  1/1        EV:  6    Int:  5    God:
Gold:   65         SH:  8    Dex:  9    Spells: 1/1 levels left

rFire   . . .        a - +0 long sword
rCold   . . .        o - +0 kite shield
rNeg    . . .        b - +0 chain mail
rPois   .            (helmet restricted)
rElec   .            (no cloak)
rCorr   .            (no gloves)
SInv    .            (no boots)
Will    .....        (no amulet) Stlth
                     (no ring)
HPRegen 0.24/turn    (no ring)
MPRegen 0.07/turn

%: no passive effects
@: no status effects
A: horns 2, retaliatory headbutt
a: no special abilities


You were on level 2 of the Dungeon.
You visited 1 branch of the dungeon, and saw 2 of its levels.

You collected 65 gold pieces.

Inventory:

Hand Weapons
 a - a +0 long sword (weapon)
Missiles
 l - 5 curare-tipped darts (quivered)
 n - 6 boomerangs
Armour
 b - a +0 chain mail (worn)
 o - a +0 kite shield (worn)
Scrolls
 f - a scroll of vulnerability {unknown}
 h - a scroll of teleportation {unknown}
 i - 2 scrolls of fog {unknown}
 j - 4 scrolls of identify {unknown}
 k - a scroll of enchant weapon {unknown}
 p - a scroll of torment {unknown}
Potions
 c - a potion of magic {unknown}
 d - a potion of might
 e - a potion of haste {unknown}
 g - a potion of berserk rage {unknown}
 m - a potion of lignification {unknown}


   Skills:
 + Level 4.0 Fighting
 + Level 3.0 Long Blades
 + Level 4.1 Armour
 + Level 3.9 Shields


You had one spell level left.
You didn't know any spells.
Your spell library contained the following spells:

 Spells                   Type           Power      Damage    Failure   Level
 Shock                    Conj/Air       0%         1d3       100%        1
 Blink                    Tloc           0%         N/A       100%        2
 Swiftness                Air            0%         N/A       100%        3
 Airstrike                Air            0%         2d(0-16)  100%        4
 Manifold Assault         Tloc           0%         N/A       100%        4
 Storm Form               Tmut/Air       0%         N/A       100%        7


Dungeon Overview and Level Annotations

Branches:
Dungeon (2/15)

Altars:

Annotations:
D:2 Crazy Yiuf


Innate Abilities, Weirdness & Mutations

You have a pair of horns on your head.
You reflexively headbutt those who attack you in melee.


Message History

Found a stone staircase leading down.
You start resting.
HP restored.
Found a stone staircase leading down.
There is a stone staircase leading down here.
A frilled lizard comes into view.
The frilled lizard hisses angrily.
The frilled lizard unfolds its giant frill.
The frilled lizard bites you but does no damage.
You barely miss the frilled lizard. The frilled lizard bites you.
You hit the frilled lizard.
You kill the frilled lizard!
Found 13 gold pieces.
You now have 65 gold pieces (gained 13).
Found a scroll labelled WUZUNLELYSO.
Found a stone staircase leading down.
p - a scroll labelled WUZUNLELYSO
There is a stone staircase leading down here.
A hobgoblin comes into view.
The hobgoblin shouts!
The hobgoblin hits you but does no damage.
Unknown command.
You hit the hobgoblin.
You kill the hobgoblin!
Found a hammer.
Found a runed translucent door.
Crazy Yiuf shouts!
You open the door.
Crazy Yiuf grits, "Line head wrapper!"
You closely miss Crazy Yiuf. You headbutt Crazy Yiuf!
Crazy Yiuf is moderately wounded.
Crazy Yiuf hits you with a +4 quarterstaff of chaos!
Crazy Yiuf burns you. You block Crazy Yiuf's attack.
You slash Crazy Yiuf!
Crazy Yiuf is almost dead.
Crazy Yiuf drinks a potion.
Crazy Yiuf is healed!
You hit Crazy Yiuf.
Crazy Yiuf is severely wounded.
Crazy Yiuf hits you with a +4 quarterstaff of chaos!
Ouch! That really hurt!
You die...

###......# .....#..# #......#
# #......# # #......## #
#.......# # ### ♣♣##.......#
####. .. #)..#♣♣ ♣♣P.....##..#
..... #.#
#...g@♣♣♣♣PP......#..# .....
#.# #...#♣..♣......##.#..#
....# ##.# ###
♣♣♣.♣.P.........# ..... ..#
♣♣♣♣♣##.......# .#### #.#
####.#### .# #.########## ###
#.# .##### #........#.#####.#
#.#
.....###.######......##.####.#
...#.....# ###.##......>..#


You could see Crazy Yiuf.

Vanquished Creatures
  3 worms
  A dart slug (D:2)
  A ball python (D:1)
  2 goblins
  3 hobgoblins
  2 kobolds
  A bat (D:2)
  A frilled lizard (D:2)
  2 rats (D:1)
16 creatures vanquished.

Notes
Turn   | Place    | Note
-------+----------+-------------------------------------------
     0 | D:1      | Fodor the Minotaur Fighter began the quest for the Orb.
     0 | D:1      | Reached XP level 1. HP: 19/19 MP: 0/0
   462 | D:1      | Found a faded altar of an unknown god.
   636 | D:1      | Reached XP level 2. HP: 22/27 MP: 1/1
  1538 | D:2      | Found a runed translucent door.
  1539 | D:2      | Noticed Crazy Yiuf
  1545 | D:2      | Slain by Crazy Yiuf

Illustrated notes

Levels and vault maps discovered:
D:1:      grunt_arrival_crossed_arrows, layout_loops_ring,
          shapermc_ecumenical_altar_ellora, kennysheep_minor_cross,
          nicolae_wormholes
D:2:      layout_loops_cross, minivault_5, minivault_24, uniq_crazy_yiuf_cottage

Skill      XL: |  1  2 |
---------------+-------+-----
Armour         | 4 |  4.1
Fighting       | 4 |  4.0
Long Blades    | 3 |  3.0
Shields        | |  3.9

Action                     || total
---------------------------++-------
  Melee: Long sword        ||    54
         Headbutt          ||    11
 Armour: Chain mail        ||    23
  Dodge: Dodged            ||    15
  Block: Buckler           ||     2
         Kite shield       ||     9
